 Dungeon Crawl Stone Soup version 0.27-a0-887-gcab673c142 (webtiles) character file.

Game seed: 905748673721674353

23 mhtbhm the Chopper (level 2, 15/27 HPs)
             Began as a Minotaur Berserker on Apr 3, 2021.
             Was a Follower of Trog.
             Quit the game on level 1 of the Dungeon.
             The game lasted 00:00:24 (365 turns).

mhtbhm the Chopper (Minotaur Berserker)              Turns: 365, Time: 00:00:24

Health: 15/27      AC:  2    Str: 21    XL:     2   Next: 72%
Magic:  1/1        EV: 12    Int:  4    God:    Trog [*.....]
Gold:   21         SH:  0    Dex:  9    Spells: 1/1 levels left

rFire    . . .     SeeInvis .   a - +0 hand axe
rCold    . . .     Faith    .   (no shield)
rNeg     . . .     Spirit   .   b - +0 animal skin
rPois    .         Reflect  .   (helmet restricted)
rElec    .         Harm     .   (no cloak)
rCorr    .         Rampage  .   (no gloves)
Will     .....                  (no boots)
Stlth    +.........             (no amulet)
HPRegen  0.09/turn              (no ring)
MPRegen  0.07/turn              (no ring)

@: no status effects
A: horns 2, retaliatory headbutt
a: Renounce Religion, Berserk


You were on level 1 of the Dungeon.
You worshipped Trog.
Trog was aware of your devotion.
You visited 1 branch of the dungeon, and saw 1 of its levels.

You collected 21 gold pieces.

Inventory:

Hand Weapons
 a - a +0 hand axe (weapon)
Armour
 b - a +0 animal skin (worn)
Scrolls
 c - a scroll of holy word {unknown}
 d - a scroll of enchant armour {unknown}
 f - a scroll of fog {unknown}
Potions
 e - a potion of resistance {unknown}


   Skills:
 + Level 4.1 Fighting
 + Level 4.2 Axes
 + Level 2.5 Armour
 + Level 2.4 Dodging


You had one spell level left.
You didn't know any spells.
Your spell library was empty.

Dungeon Overview and Level Annotations

Branches:
Dungeon (1/15)

Altars:
Kikubaaqudgha


Innate Abilities, Weirdness & Mutations

You have a pair of horns on your head.
You reflexively headbutt those who attack you in melee.


Message History

Found a stone staircase leading down.
e - a sedimented green potion
Found a stone staircase leading down.
f - a scroll labelled YLUMEO SEHATIUNE A rat comes into view.
A jackal comes into view.
The jackal barks!
The rat closely misses you.
You hit the rat.
The rat is severely wounded.
The rat barely misses you. You furiously retaliate!
You headbutt the rat.
You kill the rat!
Trog accepts your kill.
A jackal comes into view. x2
The jackal barks! x2
The jackal misses you.
You barely miss the jackal. The jackal bites you. x2
You closely miss the jackal. The jackal bites you.
You hit the jackal but do no damage.
You closely miss the jackal. x2; You hit the jackal but do no damage.
The jackal barely misses you. The jackal bites you.
The jackal bites you but does no damage.
The jackal misses you. You furiously retaliate!
You headbutt the jackal. The jackal bites you.
You closely miss the jackal.
The jackal is almost dead.
You closely miss the jackal. You hit the jackal. The jackal bites you.
The jackal completely misses you. The jackal closely misses you.
The jackal bites you.
You hit the jackal but do no damage.
The jackal is almost dead.
You hit the jackal but do no damage. You hit the jackal.
You kill the jackal!
Trog accepts your kill. The jackal barely misses you.
The jackal bites you but does no damage.
The jackal barely misses you. You furiously retaliate!
You headbutt the jackal!
You kill the jackal!
Trog accepts your kill.
Are you sure you want to abandon this character and quit the game? (Confirm with "yes".)

## #.. ##### ###.######
#...# .........## #...#
# ..........## #...# ##
...........####...#####.
........................
.......@...####......)##
......h...........##.).#
.......................#
.............##...#.....
...#.....###.##...##...#
#. #####.........###....
# #.##.#....# #....
.......#..###....
#...##......#..


You could see a jackal.

Vanquished Creatures
  2 dart slugs (D:1)
  A giant cockroach (D:1)
  2 goblins (D:1)
  A hobgoblin (D:1)
  4 jackals (D:1)
  A ball python (D:1)
  A bat (D:1)
  2 frilled lizards (D:1)
  5 rats (D:1)
19 creatures vanquished.

Notes
Turn   | Place    | Note
-------+----------+-------------------------------------------
     0 | D:1      | mhtbhm the Minotaur Berserker began the quest for the Orb.
     0 | D:1      | Reached XP level 1. HP: 19/19 MP: 0/0
   116 | D:1      | Reached XP level 2. HP: 27/27 MP: 1/1
   269 | D:1      | Found an ancient bone altar of Kikubaaqudgha.
   365 | D:1      | Quit the game

Illustrated notes

Levels and vault maps discovered:
D:1:      ebering_hopf_link, layout_rooms, shapermc_ecumenical_altar_flowoftime,
          minmay_hexomino_r4

Skill      XL: |  1  2 |
---------------+-------+-----
Axes           | 4 |  4.2
Fighting       | 4 |  4.1
Armour         | |  2.5
Dodging        | |  2.4

Action                   || total
-------------------------++-------
Melee: Hand axe          ||    33
       Headbutt          ||     9
Armor: Animal skin       ||     3
Dodge: Dodged            ||    28

Table legend: (Time is in decaauts)
 A = Elapsed time spent in this place.
 B = Non-inter-level travel time spent in this place.
 C = Inter-level travel time spent in this place.
 D = Time resting spent in this place.
 E = Time spent auto-exploring this place.
 F = Levels seen in this place.
 G = Mean time per level.
                   A        B        C        D        E       F      G
               +--------+--------+--------+--------+--------+-----+--------+
         Total |    368 |    368 |      0 |      0 |    295 |   1 |  368.0 |
       Dungeon |    368 |    368 |      0 |      0 |    295 |   1 |  368.0 |
               +--------+--------+--------+--------+--------+-----+--------+

Top non-repeatable levels by time:
     D:1: 368 daAuts
